 Dungeon Crawl Stone Soup version 0.22.0-38-g04b72b8 (webtiles) character file.

160 dvd the Firebug (level 5, 0/32 HPs)
             Began as an Octopode Fire Elementalist on Aug 28, 2018.
             Slain by an ogre
             ... wielding a +0 giant club
              (28 damage)
             ... on level 3 of the Dungeon.
             The game lasted 00:06:32 (2779 turns).

dvd the Firebug (Octopode Fire Elementalist)        Turns: 2779, Time: 00:06:33

Health: 0/32       AC:  1    Str:  7    XL:     5   Next: 41%
Magic:  4/9        EV: 14    Int: 18    God:
Gold:   88         SH:  0    Dex: 13    Spells: 3/10 levels left

rFire    . . .     SeeInvis .   a - +0 short sword
rCold    . . .     Gourm    .   (no shield)
rNeg     . . .     Faith    .   (helmet restricted)
rPois    .         Spirit   .   (no amulet)
rElec    .         Reflect  .   (no ring)
rCorr    .         Harm     .   (no ring)
MR       .....                  (no ring)
Stlth    +++.......             (no ring)
HPRegen  0.10/turn              (no ring)
MPRegen  0.11/turn              (no ring)
                                (no ring)
                                (no ring)

@: no status effects
A: almost no armour, stealthy swim, amphibious, 8 rings, constrict 8, camouflage
1, gelatinous body 1
a: no special abilities


You were on level 3 of the Dungeon.
You were not hungry.

You visited 1 branch of the dungeon, and saw 3 of its levels.

You collected 88 gold pieces.

Inventory:

Hand Weapons
 a - a +0 short sword (weapon)
 i - a +0 dagger of venom
Scrolls
 d - 2 scrolls of fear {unknown}
 e - 2 scrolls of immolation {unknown}
 g - a scroll of enchant weapon {unknown}
 j - a scroll of identify {unknown}
Potions
 f - a potion of brilliance {unknown}
 h - a potion of mutation {unknown}
Comestibles
 b - 3 rations
 c - 6 chunks of flesh


   Skills:
 + Level 0.8 Fighting
 + Level 0.8 Short Blades
 + Level 2.4 Dodging
 - Level 2.8 Stealth
 + Level 3.0 Spellcasting
 + Level 2.4 Conjurations
 + Level 4.1 Fire Magic


You had 3 spell levels left.
You knew the following spells:

 Your Spells              Type           Power        Failure   Level  Hunger
a - Flame Tongue          Conj/Fire      ##...        4%          1    None
b - Throw Flame           Conj/Fire      ##....       6%          2    ##.....
c - Sticky Flame          Conj/Fire      ##......     38%         4    ####...

Your spell library contained the following spells:

 Spells                   Type           Power        Failure   Level  Hunger
 Conjure Flame            Conj/Fire      ##......     13%         3    ###....
 Inner Flame              Hex/Fire       ##......     22%         3    ###....
 Fireball                 Conj/Fire      ##........   75%         5    ######.


Dungeon Overview and Level Annotations

Branches:
Dungeon (3/15)

Altars:

Annotations:
D:2 Sigmund


Innate Abilities, Weirdness & Mutations

You cannot wear most types of armour.
You are very stealthy in the water. (Stealth+)
You are amphibious.
You can wear up to eight rings at the same time.
You can use your tentacles to constrict eight enemies at once.
Your skin changes colour to match your surroundings (Stealth+).
Your rubbery body absorbs attacks. (AC +1, EV +1)


Message History

Confirm with . or Enter, or press ? or * to list all spells.
Aiming: Flame Tongue (safe; 4% risk of failure)
Press: ? - help, Shift-Dir - straight line, f - ogre
Aim: an ogre, wielding a giant club The flame tongue hits the ogre.
The ogre is moderately wounded.
Casting: Flame Tongue (safe; 4% risk of failure)
Confirm with . or Enter, or press ? or * to list all spells.
Aiming: Flame Tongue (safe; 4% risk of failure)
Press: ? - help, Shift-Dir - straight line, f/p - ogre
Aim: an ogre, wielding a giant club (moderately wounded)
The flame tongue hits the ogre.
The ogre is moderately wounded.
Casting: Flame Tongue (safe; 4% risk of failure)
Confirm with . or Enter, or press ? or * to list all spells.
Okay, then.
Unknown command.
The ogre hits you with a giant club!!
Ouch! That really hurt!
You die...

#.###.....#.# #.#
..........#.# #.#
.##......#.# #)#
##.#.###.# #.#
#.###.......#
#####.##
#.......#####
#....... ######...##
#.###.## ##.....##
.###.#
##..@....####!.....##
#....Og...#..........
+............. ......
#.........#####..####
##.......†#...#..
##....().)#
##...#..#...#
##+###.##### ...


You could see an ogre and a goblin.

Vanquished Creatures
  Terence (D:2)
  5 adders
  An ooze (D:3)
  3 worms (D:2)
  A dart slug (D:2)
  2 leopard geckos
  An orc (D:3)
  A ball python (D:1)
  3 giant cockroaches
  7 hobgoblins
  11 jackals
  6 kobolds
  2 quokkas
  6 bats
  A frilled lizard (D:2)
  6 goblins
  9 rats
66 creatures vanquished.

Notes
Turn   | Place    | Note
-------+----------+-------------------------------------------
     0 | D:1      | dvd the Octopode Fire Elementalist began the quest for the Orb.
     0 | D:1      | Reached XP level 1. HP: 11/11 MP: 3/3
   324 | D:1      | Reached XP level 2. HP: 13/17 MP: 0/5
   562 | D:1      | Learned a level 2 spell: Throw Flame
  1131 | D:2      | Reached XP level 3. HP: 22/22 MP: 0/6
  1245 | D:2      | Noticed Terence
  1356 | D:2      | Killed Terence
  1356 | D:2      | Reached XP level 4. HP: 3/27 MP: 0/8
  1984 | D:2      | Noticed Sigmund
  2095 | D:2      | Learned a level 4 spell: Sticky Flame
  2129 | D:2      | Reached skill level 4 in Fire Magic
  2232 | D:2      | Reached XP level 5. HP: 27/32 MP: 2/9
  2767 | D:3      | Noticed an ogre
  2779 | D:3      | Slain by an ogre

Skill      XL: |  1  2  3  4  5 |
---------------+----------------+-----
Fire Magic     | 4 |  4.1
Spellcasting   | 3 |  3.0
Conjurations   | 2 |  2.4
Fighting       | |  0.8
Short Blades   | |  0.8
Dodging        | |  2.4
Stealth        | |  2.8

Action                   |  1- 3 |  4- 6 || total
-------------------------+-------+-------++-------
Melee: Dagger            |     8 |       ||     8
       Constrict         |     5 |     7 ||    12
       Tentacles         |     4 |     5 ||     9
       Short sword       |    11 |    19 ||    30
 Cast: Flame Tongue      |    31 |    49 ||    80
       Throw Flame       |     5 |    16 ||    21
 Stab: Sleeping          |     1 |     2 ||     3
  Eat: Chunk             |     1 |     6 ||     7
Armor: Skin              |     3 |     3 ||     6
Dodge: Dodged            |    16 |    26 ||    42
